 Dungeon Crawl Stone Soup version 0.30-a0-824-g6c64550be9 (webtiles) character file.

Game seed: 14518257819504406074

213066 Pooter the Executioner (level 18, -8/163 HPs)
             Began as a Minotaur Berserker on Feb 26, 2023.
             Was a High Priest of Trog.
             Mangled by Asterion
             ... wielding a +5 broad axe of distortion
              (18 damage)
             ... on level 2 of the Elven Halls on Feb 28, 2023.
             The game lasted 03:26:26 (41868 turns).

Pooter the Executioner (Minotaur Berserker)        Turns: 41868, Time: 03:26:27

Health: -8/163     AC: 34    Str: 34    XL:     18   Next: 26%
Magic:  17/17      EV: 12    Int:  9    God:    Trog [*****.]
Gold:   2085       SH:  5    Dex: 18    Spells: 17/17 levels left

rFire   + . .      SeeInvis +    a - +2 executioner's axe (flame)
rCold   + + .      Faith    .    (shield currently unavailable)
rNeg    . . .      Spirit   .    w - +10 plate armour {rC+}
rPois   .          Reflect  +    X - +1 hat "Poygh" {Harm rCorr Str+4}
rElec   .          Harm     +    n - scarf {rC+ rF+}
rCorr   +          Rampage  .    y - +1 pair of gloves of the Griffon {Str+2}
Will    +....                    K - +2 pair of boots {Stlth+}
Stlth   +                        L - amulet "Reri" {Reflect +Inv Str+2 Int+3 SH+5}
HPRegen 0.47/turn                l - +6 ring of dexterity
MPRegen 0.15/turn                S - ring of see invisible

@: on berserk cooldown, slowed, very slow
A: horns 2, retaliatory headbutt, subdued magic 1
}: 1/15 runes: gossamer
a: Renounce Religion, Evoke Invisibility, Berserk, Trog's Hand, Brothers in Arms


You were on level 2 of the Elven Halls.
You worshipped Trog.
Trog was extremely pleased with you.
You visited 5 branches of the dungeon, and saw 28 of its levels.
You visited the Abyss 1 time.
You also visited: Bailey.

You collected 3215 gold pieces.
You spent 1130 gold pieces at shops.

Inventory:

Hand Weapons
 a - a +2 executioner's axe of flaming (weapon)
   (Trog gifted it to you on level 4 of the Lair of Beasts)
 b - a +8 arbalest of freezing
   (You bought it in a shop on level 1 of the Dungeon)
 z - a +7 broad axe of chaos
   (You took it off an orc warlord in a bailey)
 J - a +1 glaive
   (You took it off Grum on level 8 of the Dungeon)
Missiles
 h - 39 boomerangs (quivered)
 o - 47 poisoned darts
 N - 4 boomerangs of dispersal {!f}
Armour
 n - a scarf of resistance (worn)
   (You found it on level 4 of the Spider Nest)
 w - a +10 plate armour of cold resistance (worn)
   (You found it in a bailey)
 y - the +1 pair of gloves of the Griffon (worn) {Str+2}
   (You found it on level 4 of the Spider Nest)

   Str:       It affects your strength (+2).
 K - a +2 pair of boots of stealth (worn)
   (You found it on level 4 of the Lair of Beasts)
 O - a scarf of invisibility
   (You found it on level 10 of the Dungeon)
 Q - the +1 hat "Cumoscho" {rF- rC++}
   (You found it on level 1 of the Orcish Mines)

   rF:        It makes you vulnerable to fire.
   rC:        It greatly protects you from cold.
 X - the +1 hat "Poygh" (worn) {Harm rCorr Str+4}
   (You found it on level 2 of the Lair of Beasts)

   Str:       It affects your strength (+4).
   rCorr:     It protects you from acid and corrosion.
   Harm:      It increases damage dealt and taken.
Jewellery
 l - a +6 ring of dexterity (left hand)
   (You found it on level 1 of the Dungeon)
 v - a ring of flight
   (You took it off an orc on level 3 of the Dungeon)
 A - a ring of fire
   (You found it on level 4 of the Dungeon)
 G - an amulet of guardian spirit
   (You found it on level 2 of the Lair of Beasts)
 L - the amulet "Reri" (around neck) {Reflect +Inv Str+2 Int+3 SH+5}
   (You acquired it on level 9 of the Dungeon)

   [amulet of reflection]

   It reflects blocked missile attacks.
   Str:       It affects your strength (+2).
   Int:       It affects your intelligence (+3).
   +Inv:      It lets you turn invisible.
   SH:        It affects your SH (+5).
 P - a ring of poison resistance
   (You found it on level 2 of the Dungeon)
 R - the ring "Pissiu Jitte" {rCorr EV+5 Int+2}
   (You found it on level 2 of the Lair of Beasts)

   [ring of evasion]

   EV:        It affects your evasion (+5).
   Int:       It affects your intelligence (+2).
   rCorr:     It protects you from acid and corrosion.
 S - a ring of see invisible (right hand)
   (You found it on level 4 of the Spider Nest)
 T - a +5 ring of evasion
   (You found it on level 3 of the Lair of Beasts)
 U - an amulet of the acrobat
   (You found it on level 5 of the Dungeon)
Wands
 f - a wand of flame (41)
   (You found it on level 3 of the Dungeon)
 p - a wand of charming (15)
   (You found it on level 7 of the Dungeon)
 D - a wand of digging (3)
   (You bought it in a shop on level 1 of the Orcish Mines)
 Y - a wand of mindburst (1)
   (You found it on level 3 of the Spider Nest)
Scrolls
 e - 6 scrolls of fear
 j - 2 scrolls of noise {!r}
 r - 2 scrolls of silence
 t - 9 scrolls of teleportation {@r4}
 x - 5 scrolls of butterflies
 B - 5 scrolls of immolation {!r}
 E - 3 scrolls of magic mapping
 F - 6 scrolls of blinking
 M - 2 scrolls of fog
Potions
 c - 6 potions of lignification {!q}
 d - 2 potions of invisibility
 i - 3 potions of haste {@q3}
 k - 8 potions of ambrosia
 m - 8 potions of heal wounds {@q2}
 q - 5 potions of flight
 s - 3 potions of resistance
 u - 8 potions of curing {@q1}
 C - a potion of cancellation
 H - 8 potions of might
 I - 5 potions of mutation {!q}
 V - a potion of attraction {!q}
Miscellaneous
 g - a box of beasts
   (You found it on level 1 of the Elven Halls)
 W - a condenser vane (inert)
   (You found it on level 5 of the Lair of Beasts)
 Z - a tin of tremorstones (2/2)
   (You found it on level 14 of the Dungeon)


   Skills:
 + Level 15.3 Fighting
 * Level 21.7 Axes
 - Level 2.7(14.5) Maces & Flails
 - Level 18.0 Ranged Weapons
 + Level 14.9 Armour
 + Level 6.9 Dodging
 + Level 9.7 Stealth
 - Level 10.0 Evocations


You had 17 spell levels left.
You didn't know any spells.
Your spell library was empty.

Dungeon Overview and Level Annotations

Branches:
Dungeon (15/15)            Temple (0/1) D:7            Lair (5/5) D:8
  Swamp (0/4) Lair:3       Spider (4/4) Lair:2        Slime (0/5) Lair:4
    Orc (2/2) D:10            Elf (2/3) Orc:2        Vaults (0/5) D:14
 Depths (0/4) D:15         Bailey (visited)

Altars:
Ashenzari
Cheibriados
Dithmenos
Kikubaaqudgha
Nemelex Xobeh
Okawaru
Trog
Uskayaw
The Shining One
Jiyva

Shops:
D:1 (   D:6 (   D:10 ([!   D:11 ::   D:13 =   D:14 [?![   Orc:1 *   Orc:2 ([=(

Annotations:
Spider:1 3 runed translucent doors, cforsyth's ghost, adept KoBr
Spider:4 2 transporters, demibob's ghost, adept DrTm
Elf:2 Asterion


Innate Abilities, Weirdness & Mutations

You have a pair of horns on your head.
You reflexively headbutt those who attack you in melee.
Your spells are a little easier to cast, but a little less powerful.


Message History

Asterion blocks your attack. x2; Asterion hits you but does no damage.
You blink.
You can't shoot while berserk!
Really wield
b - a +8 arbalest of freezing?
Okay, then.
You feel a strong urge to attack something.
You feel your anger nearly subside.
You are no longer berserk.
You are exhausted.
You feel yourself slow down.
Your skin stops crawling.
You feel less strong-willed.
Your +2 executioner's axe of flaming stops flaming.
Your +8 arbalest of freezing is covered in frost.
b - a +8 arbalest of freezing (weapon)
Asterion is engulfed in poison gas.
Asterion looks even sicker.
Asterion conjures a destructive force in the name of Makhleb!
Fire: b) +8 arbalest (freeze)
Aim: Asterion, wielding a +5 broad axe of distortion, wearing a +0 scale mail and wearing a +0 kite shield (poison gas, severely wounded, fast, very poisoned, 93% to hit)
You shoot a bolt. The bolt barely misses Asterion.
Asterion looks even sicker.
Asterion mumbles some strange prayers to Makhleb.
Asterion is engulfed in poison gas.
Asterion looks as sick as possible!
Asterion is engulfed in poison gas.
Asterion looks as sick as possible!
Fire: b) +8 arbalest (freeze)
Aim: Asterion, wielding a +5 broad axe of distortion, wearing a +0 scale mail and wearing a +0 kite shield (severely wounded, fast, extremely poisoned, 93% to hit)
You shoot a bolt.
The bolt hits Asterion but does no damage.
Fire: b) +8 arbalest (freeze)
Aim: Asterion, wielding a +5 broad axe of distortion, wearing a +0 scale mail and wearing a +0 kite shield (severely wounded, fast, extremely poisoned, 93% to hit)
You shoot a bolt.
Asterion blocks the bolt.
Asterion hits you but does no damage. Space warps around you.
* * * LOW HITPOINT WARNING * * *
Asterion barely misses you.
Your +8 arbalest of freezing stops glowing.
Your +2 executioner's axe of flaming bursts into flame!
a - a +2 executioner's axe of flaming (weapon)
Asterion hits you with a +5 broad axe of distortion.
* * * LOW HITPOINT WARNING * * *
Space warps around you.
* * * LOW HITPOINT WARNING * * *
Asterion gores you but does no damage.
You slash Asterion! You burn Asterion. You headbutt Asterion.
Asterion hits you with a +5 broad axe of distortion!
* * * LOW HITPOINT WARNING * * *
Space warps horribly around you!
* * * LOW HITPOINT WARNING * * *
Asterion gores you.
* * * LOW HITPOINT WARNING * * *
You block Asterion's attack. Asterion gores you but does no damage.
Asterion blocks your attack.
Asterion hits you with a +5 broad axe of distortion!
You die...

#..........#
##.§§.H§...#
#.☼######.#
#..# #.#
#..# #.#
#..# #.#
#..# #.#
##2H# #.#
#..@######.#
#..........#
############


You could see Asterion (fast, very poisoned) and a balrug (summoned).

Vanquished Creatures
  Saint Roka (Orc:1)
  Nikola (Spider:4)
  Arachne (Spider:2)
  Jorgrun (Spider:3)
  A tentacled starspawn (Abyss:3)
  Gastronok (D:8)
  Kirke (D:15)
  A shadow dragon (Elf:1)
  8 emperor scorpions
  An iron dragon (Elf:1)
  2 ghost moths (Spider:4)
  Aizul (Spider:3)
  2 orc warlords
  2 very ugly things (Abyss:3)
  5 broodmothers
  A cacodemon (Abyss:3)
  Nessos (Lair:5)
  A deep elf demonologist (Elf:1)
  Azrael (D:15)
  8 spark wasps
  Snorg (Lair:4)
  4 entropy weavers
  Josephine (D:15)
  A shambling mangrove (Abyss:3)
  2 deep elf high priests (Elf:1)
  3 fire dragons
  6 hydras
  4 vault guards (D:14)
  4 radroaches (Spider:2)
  A merfolk avatar (Lair:5)
  2 tengu warriors (D:14)
  6 centaur warriors
  3 jorogumos
  A two-headed ogre (D:11)
  2 death knights
  3 dancing weapons (Elf:1)
  7 boulder beetles
  4 thrashing horrors (Abyss:3)
  3 death yaks
  3 skysharks
  2 sun demons (Abyss:3)
  8 deep elf knights (Elf:1)
  A wretched star (Abyss:3)
  6 skeletal warriors
  6 pharaoh ants
  The ghost of Nabski the Arsonist, a novice TeFE of Hepliaklqana (D:9)
  5 steelbarb worms
  10 deep elf archers (Elf:1)
  21 deep elf pyromancers
  2 wizards
  Pikel (D:7)
  12 orb spiders
  17 deep elf zephyrmancers
  A lindwurm (Lair:5)
  5 orc knights
  4 large abominations (Abyss:3)
  A necromancer (D:15)
  4 orc sorcerers
  17 ugly things
  19 wolf spiders
  A worldbinder (Abyss:3)
  2 moths of wrath (Spider:4)
  A wolf spider zombie (D:15)
  5 cyclopes (D:14)
  5 elephants
  A centaur zombie (D:15)
  An elephant (shapeshifter) (D:14)
  6 black mambas
  9 slime creatures
  8 manticores
  Joseph (D:8)
  A torpor snail (Spider:1)
  5 demonic crawlers
  7 orange demons
  2 gargoyles (D:12)
  Maggie (D:8)
  A centaur skeleton (D:15)
  9 cane toads
  6 komodo dragons
  An unseen horror zombie (D:9)
  Psyche (D:8)
  3 unseen horrors
  2 rime drakes (Lair:5)
  A spectral unseen horror (D:9)
  2 tengu conjurers (D:14)
  2 efreet (D:14)
  2 freezing wraiths
  2 ice devils (Orc:2)
  An unseen horror skeleton (D:9)
  7 meliai
  A meliai (shapeshifter) (D:14)
  11 trolls
  A polar bear (Lair:4)
  A queen bee (shapeshifter) (D:12)
  2 tyrant leeches (Lair:3)
  4 hornets
  31 tarantellas
  A wind drake (Lair:5)
  A hornet (shapeshifter) (D:14)
  A snapping turtle (Lair:5)
  14 blink frogs
  4 dream sheep (Lair:5)
  15 culicivoras
  An air elemental (Elf:2)
  18 jumping spiders
  A centaur simulacrum (D:15)
  3 wyverns
  3 shadows
  9 wraiths
  6 basilisks
  3 water elementals
  4 fire elementals
  3 hogs (D:15)
  73 yaks
  Grum (D:8)
  2 steam dragons
  8 vampire mosquitoes
  32 redbacks
  6 swamp worms
  3 wargs
  6 water moccasins
  2 acid dragons
  2 hell hounds (D:15)
  43 orc warriors
  2 sky beasts (D:6)
  2 black bears
  A swamp drake (Orc:1)
  A black bear (shapeshifter) (D:14)
  3 ice beasts
  25 wolves
  4 ogres
  2 centaurs
  A phantom (D:6)
  17 bullfrogs
  An earth elemental (Elf:1)
  2 gnoll sergeants
  2 kobold brigands (D:7)
  2 necrophages
  4 scorpions
  4 wights (D:8)
  10 killer bees
  3 howler monkeys
  14 electric eels
  5 crimson imps
  A quasit (Abyss:3)
  3 gnoll boudas
  3 hounds (D:5)
  6 jellies
  21 orc priests
  2 iron imps
  34 orc wizards
  Natasha (D:2)
  3 iguanas (D:6)
  A howler monkey zombie (D:9)
  25 gnolls
  A howler monkey skeleton (D:9)
  6 adders
  A shadow imp (Orc:1)
  14 white imps
  2 worms
  4 dart slugs
  126 orcs
  9 ball pythons
  10 bats
  7 endoplasms
  15 giant cockroaches
  12 goblins
  6 hobgoblins
  5 jackals (D:4)
  5 quokkas
  4 frilled lizards
  18 kobolds
  11 rats
  8 briar patches (Lair:2)
  2 starspawn tentacles (Abyss:3)
1128 creatures vanquished.

Vanquished Creatures (others)
  A culicivora (Spider:2)
  3 humans (D:15)
  An orc warrior (Orc:2)
  A scorpion (Elf:1)
  An orc priest (Orc:2)
  An orc wizard (Elf:1)
  3 orcs (Orc:1)
  A briar patch (Lair:2)
  A bush (Lair:5)
  17 fungi
  49 plants
  A starspawn tentacle (Abyss:3)
80 creatures vanquished.

Grand Total: 1208 creatures vanquished

Notes
Turn   | Place    | Note
-------+----------+-------------------------------------------
     0 | D:1      | Pooter the Minotaur Berserker began the quest for the Orb.
     0 | D:1      | Reached XP level 1. HP: 19/19 MP: 0/0
    42 | D:1      | Found Rybore's Antique Weapon Shop.
    85 | D:1      | Reached skill level 4 in Axes
   127 | D:1      | Reached XP level 2. HP: 22/26 MP: 1/1
   259 | D:1      | Reached ** piety under Trog
   266 | D:1      | Reached skill level 5 in Axes
   492 | D:1      | Reached XP level 3. HP: 29/31 MP: 2/2
  1398 | D:2      | Found an ancient bone altar of Kikubaaqudgha.
  1529 | D:2      | Found a faded altar of an unknown god.
  1621 | D:2      | Noticed Natasha
  1629 | D:2      | Killed Natasha
  1630 | D:2      | Reached skill level 6 in Axes
  1630 | D:2      | Reached XP level 4. HP: 19/39 MP: 3/3
  2118 | D:3      | Noticed a necrophage
  2125 | D:3      | Killed a necrophage
  2126 | D:3      | Reached skill level 7 in Axes
  2126 | D:3      | Reached XP level 5. HP: 45/45 MP: 4/4
  2224 | D:3      | Found a glowing golden altar of the Shining One.
  2426 | D:1      | Bought a runed arbalest for 172 gold pieces
  2619 | D:3      | Reached *** piety under Trog
  2796 | D:3      | Reached skill level 1 in Ranged Weapons
  3041 | D:4      | Reached XP level 6. HP: 48/51 MP: 5/5
  3440 | D:4      | Reached skill level 8 in Axes
  3714 | D:5      | Entered Level 5 of the Dungeon
  3820 | D:5      | You fall into a shaft and drop 2 floors!
  3827 | D:7      | Noticed Pikel
  3832 | D:7      | Killed Pikel
  3833 | D:7      | Reached skill level 9 in Axes
  3833 | D:7      | Reached skill level 5 in Ranged Weapons
  3833 | D:7      | Reached XP level 7. HP: 57/57 MP: 6/6
  3850 | D:7      | Reached XP level 8. HP: 54/64 MP: 7/7
  3853 | D:7      | Reached **** piety under Trog
  3920 | D:7      | Reached skill level 10 in Axes
  3922 | D:7      | Reached skill level 1 in Maces & Flails
  4085 | D:7      | Found a flagged portal.
  4119 | Bailey   | Entered a bailey
  4229 | Bailey   | Noticed an orc warlord
  4229 | Bailey   | Found the +7 captain's cutlass {speed, disarm}
  4321 | Bailey   | Reached skill level 11 in Axes
  4733 | Bailey   | Found a runed translucent gate.
  4741 | Bailey   | Found a runed translucent gate.
  4743 | Bailey   | Found a runed translucent gate.
  4823 | Bailey   | HP: 3/64 [orc warlord/+5 broad axe (17)]
  4824 | Bailey   | Killed an orc warlord
  4825 | Bailey   | Reached skill level 12 in Axes
  4825 | Bailey   | Reached XP level 9. HP: 6/70 MP: 8/8
  5070 | Bailey   | Reached skill level 14 in Axes
  5070 | Bailey   | Reached XP level 10. HP: 77/77 MP: 9/9
  5215 | D:6      | Reached skill level 15 in Axes
  5771 | D:5      | Found a snail-covered altar of Cheibriados.
  6103 | D:6      | Found Suhoxyca's Hydra Hut.
  6150 | D:6      | Noticed an eight-headed hydra
  6829 | D:7      | Found a staircase to the Ecumenical Temple.
  7117 | D:8      | Found a sparkling altar of Nemelex Xobeh.
  7271 | D:8      | Noticed Grum
  7295 | D:8      | Killed Grum
  7301 | D:8      | Reached XP level 11. HP: 73/85 MP: 10/10
  7305 | D:8      | Reached skill level 1 in Evocations
  7344 | D:8      | Noticed Joseph
  7348 | D:8      | Killed Joseph
  7509 | D:8      | Noticed Maggie
  7523 | D:8      | Killed Maggie
  7827 | D:8      | Found a shadowy altar of Dithmenos.
  7962 | D:8      | Reached ***** piety under Trog
  8055 | D:8      | Noticed Gastronok
  8060 | D:8      | Noticed Psyche
  8065 | D:8      | Reached skill level 5 in Fighting
  8076 | D:8      | Killed Gastronok
  8077 | D:8      | Killed Psyche
  8281 | D:8      | Found a staircase to the Lair.
  8569 | D:9      | Reached skill level 16 in Axes
  8702 | D:9      | Reached skill level 5 in Armour
  8805 | D:9      | Received a gift from Trog
  9075 | D:9      | Found a runed translucent gate.
  9075 | D:9      | Found a runed translucent gate.
  9075 | D:9      | Found a runed translucent gate.
  9135 | D:9      | Identified a scroll of acquirement
  9135 | D:9      | Acquired the amulet "Reri" {Reflect +Inv Str+2 Int+3 SH+5}
  9389 | D:9      | Noticed Nabski's ghost (novice TeFE)
  9610 | D:9      | Found a viscous altar of Jiyva.
  9618 | D:10     | Entered Level 10 of the Dungeon
  9703 | D:10     | Found Cergh's Antique Armour Boutique.
 10024 | D:10     | Found Juloeh's Antique Weapon Shoppe.
 10389 | D:10     | Found a staircase to the Orcish Mines.
 10429 | D:10     | Found an iron altar of Okawaru.
 10435 | D:10     | Found a hide-covered altar of Uskayaw.
 10512 | D:10     | Found Xoggana's Distillery.
 10518 | D:10     | Bought a potion of cancellation for 104 gold pieces
 10518 | D:10     | Bought a potion of heal wounds for 65 gold pieces
 10518 | D:10     | Bought 2 potions of heal wounds for 130 gold pieces
 10518 | D:10     | Bought a potion of mutation for 104 gold pieces
 10763 | Orc:1    | Entered Level 1 of the Orcish Mines
 10779 | Orc:1    | Noticed an orc sorcerer
 10798 | D:10     | Killed an orc sorcerer
 11017 | Orc:1    | Noticed an orc warlord
 11024 | D:10     | Reached XP level 12. HP: 89/97 MP: 11/11
 11061 | D:10     | Killed an orc warlord
 12306 | Orc:1    | Identified the +1 hat "Cumoscho" {rF- rC++}
 12380 | Orc:1    | Found Geat's Assorted Antiques.
 12384 | Orc:1    | Bought a small amethyst amulet for 145 gold pieces
 12384 | Orc:1    | Bought a fluorescent wand for 116 gold pieces
 12666 | Orc:2    | Entered Level 2 of the Orcish Mines
 12822 | Orc:2    | Reached skill level 17 in Axes
 12825 | Orc:2    | Noticed Saint Roka
 13321 | Orc:1    | Killed Saint Roka
 13789 | Orc:2    | Found a staircase to the Elven Halls.
 14553 | Orc:2    | Found Gefumane's Jewellery Shoppe.
 15067 | Orc:2    | Found Moluaris's Antique Armour Emporium.
 15070 | Orc:2    | Found Mashruysm's Antique Weapon Shoppe.
 15154 | Orc:2    | Found Tomema's Antique Weapon Emporium.
 15326 | Lair:1   | Entered Level 1 of the Lair of Beasts
 15400 | Lair:1   | You fall into a shaft and drop 1 floor!
 15438 | Lair:1   | Reached XP level 13. HP: 68/107 MP: 12/12
 15440 | Lair:1   | Reached skill level 5 in Evocations
 15878 | Lair:1   | Reached skill level 15 in Ranged Weapons
 16323 | Lair:1   | Received a gift from Trog
 16948 | Lair:2   | Found a hole to the Spider Nest.
 17173 | Lair:2   | Found a transporter.
 17219 | Lair:2   | Found a transporter.
 17653 | Lair:2   | Identified the +1 hat "Poygh" {Harm rCorr Str+4}
 17666 | Lair:2   | Identified the ring "Pissiu Jitte" {rCorr EV+5 Int+2}
 18245 | Lair:3   | Found a staircase to the Swamp.
 18534 | Lair:4   | Found a staircase to the Slime Pits.
 18534 | Lair:4   | Found a viscous altar of Jiyva.
 18660 | Lair:4   | Reached skill level 1 in Stealth
 18865 | Lair:4   | Noticed Snorg
 18868 | Lair:4   | Killed Snorg
 19195 | Lair:5   | Entered Level 5 of the Lair of Beasts
 19200 | Lair:5   | Noticed Nessos
 19210 | Lair:4   | Received a gift from Trog
 19446 | Lair:4   | Reached XP level 14. HP: 91/119 MP: 13/13
 19787 | Lair:5   | Killed Nessos
 19788 | Lair:5   | Reached skill level 10 in Fighting
 20312 | Lair:5   | Identified the +4 trident of Bufezuude {freeze, Drain rElec
                  | Int+4}
 20715 | D:11     | Reached skill level 10 in Armour
 20744 | D:11     | Found Rituerch's Book Emporium.
 20849 | D:11     | Found Guacw's Book Emporium.
 23454 | D:13     | Found Saodabi's Jewellery Emporium.
 24189 | D:14     | Reached XP level 15. HP: 91/130 MP: 14/14
 24274 | D:14     | Reached skill level 5 in Stealth
 25056 | D:14     | Found Julol's Distillery.
 25058 | D:14     | Found Xupni's Antique Armour Shoppe.
 25058 | D:14     | Found Botey's Armour Shoppe.
 25061 | D:14     | Found Imaludyc's Magic Scroll Shoppe.
 25064 | D:14     | Bought a potion of might for 48 gold pieces
 25064 | D:14     | Bought a potion of might for 48 gold pieces
 25064 | D:14     | Bought a potion of heal wounds for 60 gold pieces
 25070 | D:14     | Bought a scroll of poison for 48 gold pieces
 25070 | D:14     | Bought a scroll of enchant weapon for 90 gold pieces
 25097 | D:14     | Found a gate to the Vaults.
 25102 | D:14     | Received a gift from Trog
 25677 | D:15     | Entered Level 15 of the Dungeon
 25681 | D:15     | Noticed Kirke
 25696 | D:15     | Killed Kirke
 25697 | D:15     | Reached skill level 18 in Axes
 26117 | D:15     | Found a bloodstained altar of Trog.
 26604 | D:15     | Found a staircase to the Depths.
 26859 | D:15     | Found a broken altar of Ashenzari.
 26863 | D:15     | Noticed Azrael
 26874 | D:15     | Killed Azrael
 27073 | D:15     | Noticed Josephine
 27080 | D:15     | Killed Josephine
 27083 | D:15     | Reached XP level 16. HP: 141/141 MP: 15/15
 27495 | D:9      | Killed Nabski's ghost
 27749 | D:9      | Upgraded the game from 0.30-a0-808-g6e0788376e to
                  | 0.30-a0-824-g6c64550be9
 27826 | Spider:1 | Entered Level 1 of the Spider Nest
 28759 | Spider:1 | Received a gift from Trog
 30203 | Spider:1 | Noticed cforsyth's ghost (adept KoBr)
 30206 | Spider:1 | Found a runed translucent gate.
 30206 | Spider:1 | Found a runed translucent gate.
 30207 | Spider:1 | Found a runed translucent gate.
 31066 | Spider:2 | Reached skill level 19 in Axes
 32136 | Spider:2 | Received a gift from Trog
 32509 | Spider:3 | Noticed Arachne
 32635 | Spider:2 | HP: 2/144 [Arachne/staff of poison (33)]
 32641 | Spider:2 | Killed Arachne
 32642 | Spider:2 | Reached skill level 10 in Evocations
 33230 | Spider:3 | Noticed Aizul
 33248 | Spider:3 | Killed Aizul
 33299 | Spider:3 | Noticed Jorgrun
 33305 | Spider:3 | Killed Jorgrun
 34569 | Spider:4 | Entered Level 4 of the Spider Nest
 34577 | Spider:4 | Reached XP level 17. HP: 151/151 MP: 16/16
 35547 | Spider:4 | Reached skill level 20 in Axes
 35606 | Spider:4 | Found a transporter.
 35608 | Spider:4 | Noticed demibob's ghost (adept DrTm)
 35609 | Spider:4 | Found a transporter.
 35712 | Spider:4 | Identified the +6 mace of Execution {heavy, rPois rC- MP+9
                  | Dex+6}
 38132 | Spider:4 | Identified the +1 pair of gloves of the Griffon {Str+2}
 38159 | Spider:4 | Noticed Nikola
 38178 | Spider:4 | Killed Nikola
 38401 | Spider:4 | Got a gossamer rune of Zot
 38494 | Spider:4 | Reached skill level 5 in Dodging
 38985 | Elf:1    | Entered Level 1 of the Elven Halls
 39577 | Elf:1    | Received a gift from Trog
 39583 | Elf:1    | Identified the +1 shortbow "Voosin" {drain, Str+4}
 39995 | Elf:1    | Found a runed translucent gate.
 39995 | Elf:1    | Found a runed translucent gate.
 39995 | Elf:1    | Found a runed translucent gate.
 39995 | Elf:1    | Found a runed translucent gate.
 39995 | Elf:1    | Found a runed translucent gate.
 39996 | Elf:1    | Found a runed translucent gate.
 40031 | Elf:1    | Reached skill level 21 in Axes
 40913 | Elf:1    | Reached skill level 15 in Fighting
 40913 | Elf:1    | Reached XP level 18. HP: 93/163 MP: 17/17
 40919 | Elf:1    | Received a gift from Trog
 41580 | Elf:2    | Paralysed by an air elemental for 1 turns
 41603 | Elf:2    | Noticed Asterion
 41624 | Abyss:3  | Cast into level 3 of the Abyss (Asterion)
 41640 | Abyss:3  | Found a corrupted altar of Lugonu.
 41662 | Abyss:3  | Gained mutation: Your spells are a little easier to cast,
                  | but a little less powerful. [a cacodemon]
 41765 | Abyss:3  | Paralysed by a hornet for 2 turns
 41801 | Abyss:3  | Found a corrupted altar of Lugonu.
 41843 | Elf:2    | Escaped the Abyss
 41868 | Elf:2    | Mangled by Asterion

Illustrated notes

Levels and vault maps discovered:
D:1:      amcnicky_arrival_abandoned_market, layout_basic, serial_shops,
          nicolae_diamond_shop, roderic_serpentine_path, minmay_pentomino_t4
D:2:      layout_basic, chequers_ecumenical_altar_grove, basic_altar,
          uniq_natasha
D:3:      minmay_roachtagon, layout_loops_ring, mainiacjoe_overflow_boulevard
D:4:      layout_basic, minmay_fire_ice_demons
D:5:      layout_basic, slow_altar_1, water_maze_lemuel
D:6:      layout_basic, doesnt_shop_hydraphobe
D:7:      minmay_flawed_box, layout_cave_pools, minmay_temple_entry_nine_rooms,
          enter_bailey_7, uniq_pikel
D:8:      layout_basic, mainiacjoe_overflow_concentric_impassable,
          mainiacjoe_overflow_cross_hatched, david_lair_generic,
          grunt_ministairs_10, uniq_grum, uniq_psyche, uniq_joseph,
          uniq_gastronok, uniq_maggie
D:9:      layout_basic, serial_corexii_hall, chequers_hall_statues_corner_a,
          corexii_hall_statues_l, gammafunk_ghost_ooze, minivault_14,
          hangedman_weighted_door
D:10:     layout_roguey, minitemple, david_orc_4, serial_shops,
          nicolae_shop_advertising_works [nicolae_subvault_shop_adworks],
          nicolae_shop_hallway_stairs, nicolae_shop_crystal, feat_on_display
D:11:     layout_layer_cave, serial_shops, shop, shop, serial_bayou_lagoon_b
D:12:     layout_basic
D:13:     layout_stronghold, serial_shops, nicolae_shop_crystal
D:14:     hangedman_cross_cluster, layout_basic,
          lightli_vaults_fourway_checkpoint, serial_bayou_pond_b,
          minmay_shop_grid_forest, small_statue_alley_a
D:15:     grunt_enter_depths_magical_seal, layout_loops_ring, ashenzari_altar_1,
          nicolae_concentric_dashed_squares_wild, bloody_trog, uniq_kirke,
          uniq_azrael, uniq_josephine
Lair:1:   layout_long_grid, serial_bayou_lake_a
Lair:2:   gammafunk_worm_tunnel, layout_hall_layers, spider_nest_entry_rubble,
          serial_bayou_shore_a
Lair:3:   layout_long_grid, minmay_swamp_entry_worms,
          chequers_serial_rivers_small_b
Lair:4:   layout_misc_corridors, slime_entry_1, infiniplex_staircase_pool,
          grunt_megastairs_5, lemuel_fruit_fields, lemuel_fruit_fields,
          serial_bayou_shore_b, uniq_snorg
Lair:5:   gammafunk_lair_ancient_temple, layout_big_grid,
          infiniplex_staircase_pool_2, serial_bayou_shore_b,
          serial_bayou_shore_b, lemuel_fruit_tree, uniq_nessos
Spider:1: layout_spider_delve, gammafunk_ghost_split,
          hangedman_spider_tarantella_strand
Spider:2: layout_spider_delve
Spider:3: layout_spider_delve, uniq_aizul, uniq_arachne, uniq_jorgrun
Spider:4: guppyfry_spider_rune, gammafunk_ghost_mausoleum, nicolae_spider_bzzzt,
          uniq_nikola
Orc:1:    layout_caves, serial_shops, nicolae_shop_waterfront, basic_altar,
          hangedman_minor_magic
Orc:2:    grunt_orc_community_town_hall, layout_caves,
          grunt_orc_community_big_house_1, grunt_orc_community_big_house_2,
          grunt_orc_community_house_2, grunt_orc_community_house_1,
          grunt_orc_community_house_2, grunt_orc_community_house_2,
          portal_ice_cave_demonic_guard, basic_altar, gauntlet_entry_generic,
          mines2_david
Elf:1:    eino_elf_arrival_customs, layout_loops_corners, orc_legates,
          einodemon_barbed_minivault
Elf:2:    nicolae_elf_blades_splatter_lattice
          [nicolae_blade_entry_hurt_lockers], layout_gridlike, serial_shops,
          shop, uniq_asterion

Skill      XL: |  1  2  3  4  5  6  7  8  9 10 11 12 13 14 15 16 17 |
---------------+----------------------------------------------------+-----
Axes           | 4 5 6 7 9 12 14 15 16 17 18 19 21 | 21.7
Ranged Weapons | 2 5 8 12 13 14 16 17 18 | 18.0
Maces & Flails | 2 |  2.7
Fighting       | 4 6 8 9 11 12 13 15 | 15.3
Armour         | 3 5 7 9 10 12 13 14 | 14.9
Evocations     | 3 4 6 7 9 10 | 10.0
Stealth        | 2 4 6 8 9 |  9.7
Dodging        | 3 6 |  6.9

Action                     |  1- 3 |  4- 6 |  7- 9 | 10-12 | 13-15 | 16-18 || total
---------------------------+-------+-------+-------+-------+-------+-------++-------
  Melee: Hand axe          |    55 |     2 |       |       |       |       ||    57
         Headbutt          |     9 |    12 |     4 |    81 |   106 |   104 ||   316
         Trident           |    31 |    56 |       |       |       |       ||    87
         Punch             |       |     1 |     1 |     4 |     8 |       ||    14
         Flail             |       |       |    24 |       |       |       ||    24
         War axe           |       |       |     5 |       |       |       ||     5
         Broad axe         |       |       |       |   347 |   348 |       ||   695
         Executioner's axe |       |       |       |       |    57 |   405 ||   462
         Glaive            |       |       |       |       |       |     3 ||     3
   Fire: Arbalest          |       |    64 |   105 |   337 |   425 |   376 ||  1307
  Throw: Boomerang         |       |     3 |       |     1 |     3 |    11 ||    18
 Invoke: Berserk           |     1 |     5 |     2 |     9 |    10 |    19 ||    46
         Trog's Hand       |       |     1 |     6 |    22 |    19 |    20 ||    68
  Evoke: Wand              |       |       |       |     6 |     8 |    22 ||    36
         Condenser vane    |       |       |       |       |     1 |     5 ||     6
         Tin of tremorston |       |       |       |       |       |     5 ||     5
    Use: Scroll            |     2 |     8 |     7 |    12 |    14 |     7 ||    50
         Potion            |       |       |     3 |     7 |     2 |     8 ||    20
   Stab: Petrifying        |       |       |       |     1 |       |       ||     1
         Confused          |       |       |       |     2 |     2 |       ||     4
 Armour: Animal skin       |     8 |       |       |       |       |       ||     8
         Ring mail         |     1 |       |       |       |       |       ||     1
         Chain mail        |    22 |    35 |       |       |       |       ||    57
         Plate armour      |       |    13 |    36 |   354 |   370 |   565 ||  1338
  Dodge: Dodged            |    45 |    42 |    26 |   188 |   200 |   330 ||   831
  Block: Other             |       |       |       |    86 |   111 |   131 ||   328
         Reflection        |       |       |       |     9 |     4 |     4 ||    17

Table legend: (Time is in decaauts)
 A = Elapsed time spent in this place.
 B = Non-inter-level travel time spent in this place.
 C = Inter-level travel time spent in this place.
 D = Time resting spent in this place.
 E = Time spent auto-exploring this place.
 F = Levels seen in this place.
 G = Mean time per level.
                   A        B        C        D        E       F      G
               +--------+--------+--------+--------+--------+-----+--------+
         Total |  42726 |  40865 |   1861 |  17050 |  17028 |  30 | 1424.2 |
       Dungeon |  17804 |  16673 |   1131 |   3482 |  10345 |  15 | 1186.9 |
          Lair |   5814 |   5441 |    373 |   1688 |   2813 |   5 | 1162.8 |
   Spider Nest |  10843 |  10675 |    168 |   7489 |   2026 |   4 | 2710.8 |
  Orcish Mines |   4309 |   4129 |    180 |   2436 |   1001 |   2 | 2154.5 |
   Elven Halls |   2695 |   2687 |      8 |   1331 |    766 |   2 | 1347.5 |
         Abyss |    218 |    218 |      0 |      0 |      0 |   1 |  218.0 |
        Bailey |   1041 |   1041 |      0 |    623 |     76 |   1 | 1041.0 |
               +--------+--------+--------+--------+--------+-----+--------+

Top non-repeatable levels by time:
Spider:4: 4225 daAuts
Spider:1: 3051 daAuts
   Orc:1: 2231 daAuts
   Elf:1: 2230 daAuts
   Orc:2: 2077 daAuts
Spider:2: 2064 daAuts
    D:15: 1695 daAuts
    D:10: 1643 daAuts
     D:8: 1597 daAuts
Spider:3: 1503 daAuts
    D:14: 1485 daAuts
  Lair:2: 1442 daAuts
  Lair:1: 1392 daAuts
     D:9: 1379 daAuts
    D:11: 1359 daAuts
